 Dungeon Crawl Stone Soup version 0.29.1-15-g9cfb28693d (webtiles) character file.

Game seed: 14974201232580678010

600 protoss039 the Digger (level 7, -14/54 HPs)
             Began as a Demonspawn Earth Elementalist on Mar 14, 2023.
             Demolished by an ogre
             ... wielding a +0 giant club
              (21 damage)
             ... on level 5 of the Dungeon.
             The game lasted 00:04:51 (4848 turns).

protoss039 the Digger (DsEE)                        Turns: 4848, Time: 00:04:51

Health: -14/54     AC:  8    Str:  8    XL:     7   Next: 18%
Magic:  21/22      EV: 15    Int: 19    God:
Gold:   315        SH:  0    Dex: 19    Spells: 9/15 levels left

rFire   . . .      SeeInvis .   h - +2 short sword (elec)
rCold   . . .      Faith    .   (no shield)
rNeg    . . .      Spirit   .   u - +0 ring mail
rPois   .          Reflect  .   (no helmet)
rElec   .          Harm     .   t - +0 cloak
rCorr   .          Rampage  .   (no gloves)
Will    .....                   (no boots)
Stlth   ++........              (no amulet)
HPRegen 0.18/turn               r - ring of magical power
MPRegen 0.18/turn               v - +6 ring of dexterity

@: agile
A: thin metallic scales 1, powered by pain 1
a: no special abilities


You were on level 5 of the Dungeon.
You visited 1 branch of the dungeon, and saw 5 of its levels.

You collected 315 gold pieces.

Inventory:

Hand Weapons
 h - a +2 short sword of electrocution (weapon)
 B - a +1 dagger of venom
Armour
 g - the +18 Lear's hauberk
   (You found it on level 4 of the Dungeon)
 t - a +0 cloak (worn)
 u - a +0 ring mail (worn)
Jewellery
 r - a ring of magical power (left hand)
 v - a +6 ring of dexterity (right hand)
Wands
 m - a wand of light (20)
 p - a wand of paralysis (12)
Scrolls
 d - 2 scrolls of magic mapping
 f - a scroll of identify
 i - a scroll of blinking {unknown}
 j - 2 scrolls of poison {unknown}
 k - a scroll of teleportation {unknown}
 q - a scroll of vulnerability {unknown}
 y - a scroll of fear {unknown}
Potions
 a - 2 potions of mutation {unknown}
 b - a potion of magic
 c - 2 potions of brilliance {unknown}
 e - 2 potions of curing {unknown}
 l - 2 potions of ambrosia {unknown}
 o - 2 potions of experience {unknown}
 s - 7 potions of heal wounds {unknown}
 w - a potion of degeneration {unknown}
 x - 2 potions of flight {unknown}
 z - a potion of lignification {unknown}
 A - a potion of might {unknown}


   Skills:
 + Level 4.1 Fighting
 - Level 1.7 Dodging
 - Level 1.7 Stealth
 + Level 4.5 Spellcasting
 - Level 0.8 Transmutations
 + Level 4.9 Earth Magic


You had 9 spell levels left.
You knew the following spells:

 Your Spells              Type           Power      Damage    Failure   Level
a - Sandblast             Erth           44%        2d11      5%          1
b - Passwall              Tmut/Erth      12%        N/A       19%         2
c - Stone Arrow           Conj/Erth      26%        3d8       41%         3

Your spell library contained the following spells:

 Spells                   Type           Power      Damage    Failure   Level
 Wereblood                Tmut           7%         N/A       41%         2
 Sublimation of Blood     Necr           4%         N/A       52%         2
 Ignite Poison            Fire/Tmut/Pois 5%         N/A       73%         3
 Dazzling Flash           Conj/Hex       8%         N/A       77%         3
 Mephitic Cloud           Conj/Pois/Air  4%         N/A       77%         3
 Petrify                  Tmut/Erth      15%        N/A       77%         4
 Iskenderun's Mystic Bla  Conj/Tloc      4%         2d3       99%         4
 Freezing Cloud           Conj/Ice/Air   2%         6-21      100%        5
 Starburst                Conj/Fire      2%         6d3       100%        6
 Summon Hydra             Summ           2%         N/A       100%        7


Dungeon Overview and Level Annotations

Branches:
Dungeon (5/15) Zot: 25101
 Temple: D:4-7

Altars:
Gozag
Makhleb
Nemelex Xobeh
Qazlal
Xom


Innate Abilities, Weirdness & Mutations

You are partially covered in thin metallic scales. (AC +2)
You sometimes gain a little power by taking damage.


Message History

The ogre is lightly wounded.
The ogre misses you.
Unknown command.
You barely miss the ogre.
The ogre is lightly wounded.
The ogre closely misses you.
Unknown command.
You hit the ogre.
The ogre is moderately wounded.
Unknown command.
You hit the ogre.
The ogre is moderately wounded.
The ogre closely misses you.
Unknown command.
You hit the ogre.
The ogre is moderately wounded.
The ogre hits you with a +0 giant club.
Unknown command.
You barely miss the ogre.
The ogre is moderately wounded.
The ogre hits you with a +0 giant club!
You focus on the pain.
You feel agile all of a sudden.
Unknown command.
You hit the ogre.
The ogre is heavily wounded.
Unknown command.
You hit the ogre.
The ogre is severely wounded.
The ogre hits you with a +0 giant club!!
* * * LOW HITPOINT WARNING * * *
Unknown command.
Casting: Sandblast (safe; 5% risk of failure)
Confirm with . or Enter, or press ? or * to list all spells.
Aiming: Sandblast (safe; 5% risk of failure)
Press: ? - help, Shift-Dir - straight line, f - ogre
Aim: an ogre, wielding a +0 giant club (severely wounded, 92% to hit)
The blast of sand hits the ogre!
The ogre is almost dead.
The ogre hits you with a +0 giant club!!
You die...

############
#..........####
#..............
#..<.......#
#######@####
#O# #...#
.....# .......#
........#
.........#
...........
##...........


You could see an ogre.

Vanquished Creatures
  A water moccasin (D:5)
  An ogre (D:4)
  A scorpion (D:4)
  Terence (D:2)
  Jessica (D:2)
  4 orc wizards
  Natasha (thrice) (D:2)
  4 adders
  4 worms
  11 orcs
  6 ball pythons
  6 endoplasms
  2 giant cockroaches (D:1)
  12 goblins
  8 hobgoblins
  7 kobolds
  4 quokkas
  7 bats
  4 frilled lizards (D:3)
  5 rats
92 creatures vanquished.

Notes
Turn   | Place    | Note
-------+----------+-------------------------------------------
     0 | D:1      | protoss039 the Demonspawn Earth Elementalist began the
                  | quest for the Orb.
     0 | D:1      | Reached XP level 1. HP: 13/13 MP: 3/3
   211 | D:1      | Gained mutation: You are partially covered in thin metallic
                  | scales. (AC +2) [demonic ancestry]
   211 | D:1      | Reached XP level 2. HP: 20/20 MP: 0/5
   379 | D:1      | Reached skill level 1 in Fighting
   660 | D:1      | Learned a level 2 spell: Passwall
   759 | D:2      | Noticed Natasha
   765 | D:2      | Noticed a crimson imp
   766 | D:2      | Killed Natasha
   767 | D:2      | Reached XP level 3. HP: 11/26 MP: 7/7
   769 | D:2      | HP: 1/26 [hobgoblin (3)]
  1057 | D:2      | Learned a level 3 spell: Stone Arrow
  1081 | D:2      | Noticed Jessica
  1085 | D:2      | Killed Jessica
  1086 | D:2      | Reached XP level 4. HP: 13/33 MP: 6/8
  1275 | D:2      | Noticed Natasha
  1288 | D:2      | Killed Natasha
  1365 | D:2      | Noticed Terence
  1374 | D:2      | Killed Terence
  1471 | D:2      | Reached XP level 5. HP: 36/39 MP: 9/9
  1853 | D:2      | Noticed Natasha
  1858 | D:2      | Killed Natasha
  2499 | D:3      | Found a burning altar of Makhleb.
  2745 | D:3      | Found a shimmering altar of Xom.
  2818 | D:3      | Found an opulent altar of Gozag.
  2819 | D:3      | Found a stormy altar of Qazlal.
  3204 | D:3      | Found a faded altar of an unknown god.
  3496 | D:4      | Found the +18 Lear's hauberk
  3873 | D:4      | Gained mutation: You sometimes gain a little power by
                  | taking damage. [demonic ancestry]
  3873 | D:4      | Reached XP level 6. HP: 44/47 MP: 11/11
  3998 | D:4      | Found a sparkling altar of Nemelex Xobeh.
  4164 | D:4      | HP: 2/48 [orc/+0 hand axe (6)]
  4816 | D:5      | Entered Level 5 of the Dungeon
  4820 | D:5      | Noticed a water moccasin
  4838 | D:5      | Killed a water moccasin
  4839 | D:5      | Reached XP level 7. HP: 43/54 MP: 13/13
  4848 | D:5      | Demolished by an ogre

Illustrated notes

Levels and vault maps discovered:
D:1:      heliophobic_arrival_glass_houses, layout_rooms
D:2:      layout_basic, uniq_jessica, uniq_terence, uniq_natasha
D:3:      layout_basic, mainiacjoe_overflow_alcove_2, bloody_makhleb,
          mainiacjoe_overflow_divided_tiny,
          hellmonk_ecumenical_altar_prayer_group, kennysheep_generic_room_5
D:4:      layout_basic, nemelex_xobeh_ov_fountains_minmay
D:5:      layout_rooms, grunt_dithmenos_smoke

Skill      XL: |  1  2  3  4  5  6 |
---------------+-------------------+-----
Earth Magic    | 3 4 |  4.9
Fighting       | 1 2 3 4 |  4.1
Spellcasting   | 3 4 |  4.5
Dodging        | |  1.7
Stealth        | |  1.7
Transmutations | |  0.8

Action                   |  1- 3 |  4- 6 |  7- 9 || total
-------------------------+-------+-------+-------++-------
Melee: Unarmed           |    25 |       |       ||    25
       Short sword       |    26 |   170 |     9 ||   205
       Dagger            |     2 |       |       ||     2
 Cast: Sandblast         |    18 |    26 |     1 ||    45
  Use: Scroll            |       |     2 |       ||     2
 Stab: Sleeping          |     3 |     1 |       ||     4
Armor: Robe              |    16 |       |       ||    16
       Leather armour    |     7 |    44 |       ||    51
       Ring mail         |       |    28 |       ||    28
Dodge: Dodged            |    41 |   123 |     3 ||   167
